 Dungeon Crawl Stone Soup version 0.30-a0-6-g7c9e10e132 (webtiles) character file.

Game seed: 14430406258683279598

21 drpainis the Sneak (level 2, -1/13 HPs)
             Began as a Spriggan Enchanter on Aug 22, 2022.
             Slain by a hobgoblin (4 damage)
             ... on level 1 of the Dungeon.
             The game lasted 00:01:24 (872 turns).

drpainis the Sneak (Spriggan Enchanter)              Turns: 872, Time: 00:01:24

Health: -1/13      AC:  2    Str:  4    XL:     2   Next: 62%
Magic:  3/7        EV: 17    Int: 16    God:
Gold:   20         SH:  0    Dex: 15    Spells: 5/7 levels left

rFire   . . .      SeeInvis +    a - +1 dagger
rCold   . . .      Faith    .    (no shield)
rNeg    . . .      Spirit   .    b - +0 robe
rPois   .          Reflect  .    (helmet restricted)
rElec   .          Harm     .    (no cloak)
rCorr   .          Rampage  .    (gloves unavailable)
Will    .....                    (boots unavailable)
Stlth   +++.......               (no amulet)
HPRegen 0.04/turn                (no ring)
MPRegen 0.10/turn                (no ring)

@: very quick
A: very small, no large weapons, unfitting armour, see invisible, speed 3
a: no special abilities


You were on level 1 of the Dungeon.
You visited 1 branch of the dungeon, and saw 1 of its levels.

You collected 20 gold pieces.

Inventory:

Hand Weapons
 a - a +1 dagger (weapon)
Armour
 b - a +0 robe (worn)
Scrolls
 d - a scroll of noise {unknown}
Potions
 c - 3 potions of invisibility
 e - a potion of degeneration {unknown}


   Skills:
 + Level 1.1 Short Blades
 + Level 2.8 Dodging
 + Level 4.7 Stealth
 + Level 3.1 Spellcasting
 + Level 4.1 Hexes


You had 5 spell levels left.
You knew the following spells:

 Your Spells              Type           Power      Damage    Failure   Level
a - Ensorcelled Hibernat  Hex/Ice        18%        N/A       12%         2

Your spell library contained the following spells:

 Spells                   Type           Power      Damage    Failure   Level
 Confusing Touch          Hex            15%        N/A       10%         3
 Tukima's Dance           Hex            15%        N/A       10%         3
 Dazzling Flash           Conj/Hex       18%        N/A       24%         3
 Portal Projectile        Hex/Tloc       18%        N/A       24%         3
 Summon Guardian Golem    Hex/Summ       9%         N/A       24%         3
 Blade Hands              Tmut           1%         N/A       99%         5
 Orb of Destruction       Conj           1%         9d5       100%        7
 Spellforged Servitor     Conj/Summ      1%         N/A       100%        7


Dungeon Overview and Level Annotations

Branches:
Dungeon (1/15)

Altars:


Innate Abilities, Weirdness & Mutations

You are very small and have problems with some larger weapons.
You are too small for most types of armour.
You have supernaturally acute eyesight. (SInv)
You cover ground extremely quickly. (Speed+++)


Message History

You see here a frilled lizard skeleton.
The bat misses you.
Things that are here:
a frilled lizard skeleton; a frilled lizard skeleton You see here a frilled lizard corpse.
Casting: Ensorcelled Hibernation (safe; 12% risk of failure)
Confirm with . or Enter, or press ? or * to list all spells.
You can't see any susceptible monsters within range! (Use Z to cast anyway.) Unknown command.
The bat barely misses you. The bat closely misses you.
Things that are here:
a frilled lizard skeleton; a frilled lizard skeleton You miss the bat.
The bat closely misses you.
You hit the rat.
You kill the rat!
The bat misses you. The bat barely misses you. The bat misses you. x2
The hobgoblin hits you. The hobgoblin hits you.
* * * LOW HITPOINT WARNING * * *
Casting: Ensorcelled Hibernation (safe; 12% risk of failure)
Confirm with . or Enter, or press ? or * to list all spells.
Aiming: Ensorcelled Hibernation (safe; 12% risk of failure)
Press: ? - help, Shift-Dir - straight line, f - hobgoblin
Aim: a hobgoblin (chance to affect: 61%)
The hobgoblin resists with significant effort.
The hobgoblin misses you.
Casting: Ensorcelled Hibernation (safe; 12% risk of failure)
Confirm with . or Enter, or press ? or * to list all spells.
Aiming: Ensorcelled Hibernation (safe; 12% risk of failure)
Press: ? - help, Shift-Dir - straight line, f/p - hobgoblin
Aim: a hobgoblin (chance to affect: 61%)
The hobgoblin resists with significant effort.
The hobgoblin barely misses you.
You hit the hobgoblin.
The hobgoblin is lightly wounded.
The hobgoblin hits you.
You die...

##### #...# #...# #....
#...########### #....#
#...##........#### #....###
#...#..##.....†÷÷#########.......
#.....###'##.###@#.......#....~~~
......##...#.# #g#.......#....~~~
....#..+.<.+.# #bl...........~~~~
..######...### ##..b.....#...~~~~
#.# ##### #...########..~~~ #.#
#......r.l...K..$ >.#
#.÷............#. .##
#.)............## .#
#................


You could see a hobgoblin, a bat and a frilled lizard.

Vanquished Creatures
  A dart slug (D:1)
  3 ball pythons (D:1)
  An endoplasm (D:1)
  A hobgoblin (D:1)
  A kobold (D:1)
  12 frilled lizards (D:1)
  4 rats (D:1)
23 creatures vanquished.

Notes
Turn   | Place    | Note
-------+----------+-------------------------------------------
     0 | D:1      | drpainis the Spriggan Enchanter began the quest for the
                  | Orb.
     0 | D:1      | Reached XP level 1. HP: 9/9 MP: 5/5
   288 | D:1      | Reached XP level 2. HP: 5/13 MP: 7/7
   516 | D:1      | Learned a level 2 spell: Ensorcelled Hibernation
   872 | D:1      | Slain by a hobgoblin

Illustrated notes

Levels and vault maps discovered:
D:1:      dpeg_arrival_tiny_g, layout_basic, kennysheep_another_room,
          interstate_on_off, dreamdust_princess_corridor, corner_web_ring,
          minmay_lizard_pond

Skill      XL: |  1 |
---------------+----+-----
Hexes          | 4 |  4.1
Spellcasting   | 3 |  3.1
Short Blades   | |  1.1
Dodging        | |  2.8
Stealth        | |  4.7

Action                   || total
-------------------------++-------
Melee: Dagger            ||    50
 Cast: Ensorcelled Hiber ||    10
 Stab: Sleeping          ||     3
Armor: Robe              ||     4
Dodge: Dodged            ||    59

Table legend: (Time is in decaauts)
 A = Elapsed time spent in this place.
 B = Non-inter-level travel time spent in this place.
 C = Inter-level travel time spent in this place.
 D = Time resting spent in this place.
 E = Time spent auto-exploring this place.
 F = Levels seen in this place.
 G = Mean time per level.
                   A        B        C        D        E       F      G
               +--------+--------+--------+--------+--------+-----+--------+
         Total |    722 |    722 |      0 |    178 |    382 |   1 |  722.0 |
       Dungeon |    722 |    722 |      0 |    178 |    382 |   1 |  722.0 |
               +--------+--------+--------+--------+--------+-----+--------+

Top non-repeatable levels by time:
     D:1: 722 daAuts
